 Seeded DCSS version 0.29-a0-1023-g6ae1a4a2c7 (webtiles) character file.

Game seed: 13844330289000015782 (custom seed)

73 Hubris850 the Magician (level 4, 0/31 HPs)
             Began as a Djinni Ice Elementalist on Aug 11, 2022.
             Slain by Ijyb
             ... wielding a +0 club
              (4 damage)
             ... on level 3 of the Dungeon.
             The game lasted 00:05:03 (2280 turns).

Hubris850 the Magician (Djinni Ice Elementalist)    Turns: 2280, Time: 00:05:03

Health: 0/31       AC:  3    Str:  7    XL:     4   Next: 51%
Gold:   100        EV: 12    Int: 17    God:
                   SH:  0    Dex: 15

rFire   + + .      SeeInvis .   c - +2 dagger (venom)
rCold   . . .      Faith    .   (no shield)
rNeg    . . .      Spirit   .   a - +0 robe
rPois   ∞          Reflect  .   r - +0 helmet of Dishonour {rC+}
rElec   .          Harm     .   (no cloak)
rCorr   +          Rampage  .   (no gloves)
Will    .....                   (boots unavailable)
Stlth   ++........              (no amulet)
HPRegen 0.10/turn               m - ring of resist corrosion
MPRegen 0.00/turn               (no ring)

@: freezing walls, flying
A: sickness immunity, fire resistance 2, cold vulnerability 1, float, innate
caster, HP casting, extra vitality 1
a: no special abilities


You were on level 3 of the Dungeon.
You visited 1 branch of the dungeon, and saw 3 of its levels.

You collected 100 gold pieces.

Inventory:

Hand Weapons
 b - a +1 dagger of freezing
 c - a +2 dagger of venom (weapon)
Missiles
 j - 9 poisoned darts
Armour
 a - a +0 robe (worn)
 p - a +0 ring mail
 r - the +0 helmet of Dishonour (worn) {rC+}
   (You took it off Robin on level 2 of the Dungeon)

   rC:        It protects you from cold.
Jewellery
 h - an amulet of regeneration
 m - a ring of resist corrosion (left hand)
Scrolls
 e - 2 scrolls of teleportation {unknown}
 f - a scroll of silence {unknown}
 g - 5 scrolls of identify {unknown}
 k - a scroll of torment {unknown}
 l - a scroll of noise {unknown}
 n - a scroll of enchant weapon {unknown}
 q - a scroll of immolation {unknown}
 s - a scroll of enchant armour {unknown}
Potions
 d - a potion of mutation {unknown}
 i - a potion of flight {unknown}
 o - a potion of brilliance {unknown}


   Skills:
 + Level 2.2 Long Blades
 - Level 2.1 Dodging
 - Level 1.5 Stealth
 + Level 3.9 Spellcasting


You couldn't memorise any spells.
You knew the following spells:

 Your Spells              Type           Power      Damage    Failure   Level
a - Freeze                Ice            64%        1d8       3%          1
b - Frozen Ramparts       Ice            32%        1d5       10%         3
c - Ozocubu's Armour      Ice            16%        N/A       10%         3
d - Hailstorm             Conj/Ice       16%        3d6       30%         4
e - Apportation           Tloc           32%        N/A       3%          1
Your spell library was empty.

Dungeon Overview and Level Annotations

Branches:
Dungeon (3/15)

Altars:

Annotations:
D:3 Ijyb


Innate Abilities, Weirdness & Mutations

You are immune to sickness and miasma.
You are immune to poison.
Your flesh is very heat resistant. (rF++)
You are vulnerable to cold. (rC-)
You float through the air rather than walking.
You learn spells naturally, not from books.
Your magical power is your life essence.
You have superior vitality. (+4 MHP)


Message History

Casting: Frozen Ramparts (quite dangerous; 10% risk of failure)
Confirm with . or Enter, or press ? or * to list all spells.
The spell is quite dangerous to miscast (10% risk of failure)!
Continue anyway?
Casting: Frozen Ramparts (quite dangerous; 10% risk of failure)
Press: ? - help, Dir - look around, f - activate The walls around you are covered in ice.
The wall freezes Ijyb but does no damage.
You barely miss Ijyb.
The wall freezes Ijyb but does no damage.
Ijyb closely misses you.
You hit Ijyb but do no damage.
Ijyb is poisoned.
The wall freezes Ijyb but does no damage.
Ijyb hits you with a +0 club.
You hit Ijyb but do no damage.
Ijyb looks as sick as possible!
The wall freezes Ijyb but does no damage.
Ijyb barely misses you.
You hit Ijyb but do no damage.
Ijyb is lightly wounded.
The wall freezes Ijyb but does no damage.
Ijyb closely misses you.
You hit Ijyb but do no damage.
Ijyb looks as sick as possible!
Ijyb is lightly wounded.
The frozen ramparts melt away.
Ijyb hits you with a +0 club.
You hit Ijyb but do no damage.
Ijyb looks as sick as possible!
Ijyb is lightly wounded.
Ijyb hits you with a +0 club!
You barely miss Ijyb.
Ijyb is moderately wounded.
Ijyb zaps a wand.
The puff of flame hits you. You resist.
* * * LOW HITPOINT WARNING * * *
Casting: Frozen Ramparts (quite dangerous; 10% risk of failure)
Confirm with . or Enter, or press ? or * to list all spells.
The spell is quite dangerous to miscast (10% risk of failure)!
Continue anyway?
Casting: Frozen Ramparts (quite dangerous; 10% risk of failure)
Press: ? - help, Dir - look around, f - activate The walls around you are covered in ice.
* * * LOW HITPOINT WARNING * * *
The wall freezes Ijyb but does no damage.
Ijyb hits you with a +0 club.
You die...

. .##.........#.#####..
.##.#...##......# #..
##....##.....)...# #..
#.. #.#.#.#......#####..
#.##..#................
#....##........#######.
#..#.##..........# #. #.
##.#..........# #. ..
##.g@........# #. ..
#.#####.....# #. ..
#........#### #. .
#........# ########.
#........# #......##
.............# #......##
.....)....>..# #........
..g.....g.[...# #........
###...........######.....


You could see Ijyb (extremely poisoned).

Vanquished Creatures
  Robin (D:2)
  An adder (D:2)
  A dart slug (D:1)
  4 endoplasms
  A giant cockroach (D:1)
  14 goblins
  7 hobgoblins
  2 jackals (D:1)
  2 kobolds
  A quokka (D:2)
  4 ball pythons
  3 bats
  A frilled lizard (D:2)
  4 rats
46 creatures vanquished.

Notes
Turn   | Place    | Note
-------+----------+-------------------------------------------
     0 | D:1      | Hubris850 the Djinni Ice Elementalist began the quest for
                  | the Orb.
     0 | D:1      | Hubris850 set off with the following spells memorised:
                  | Freeze, Frozen Ramparts, Ozocubu's Armour, Hailstorm.
     0 | D:1      | Reached XP level 1. HP: 15/15 MP: 0/0
   352 | D:1      | Reached XP level 2. HP: 11/21 MP: 0/0
   561 | D:1      | Reached skill level 1 in Long Blades
   614 | D:1      | Found a faded altar of an unknown god.
   997 | D:1      | Reached XP level 3. HP: 21/25 MP: 0/0
   997 | D:1      | Learned a level 1 spell: Apportation
  1498 | D:2      | Identified the +0 helmet of Dishonour {rC+}
  1498 | D:2      | Noticed Robin
  1523 | D:2      | Reached XP level 4. HP: 17/31 MP: 0/0
  1529 | D:2      | Killed Robin
  2260 | D:3      | Noticed Ijyb
  2280 | D:3      | Slain by Ijyb

Illustrated notes

Levels and vault maps discovered:
D:1:      onia_arrival_mini_spirals, layout_loops_ring,
          hellmonk_ecumenical_altar_leap_of_faith
D:2:      layout_basic, uniq_robin
D:3:      layout_basic, nicolae_eternal_life, uniq_ijyb, uniq_sigmund

Skill      XL: |  1  2  3  4 |
---------------+-------------+-----
Long Blades    | 1 2 |  2.2
Dodging        | |  2.1
Stealth        | |  1.5
Spellcasting   | |  3.9

Action                   |  1- 3 |  4- 6 || total
-------------------------+-------+-------++-------
Melee: Dagger            |    62 |    36 ||    98
       Unarmed           |     4 |       ||     4
       Punch             |       |     2 ||     2
 Cast: Freeze            |     1 |       ||     1
       Frozen Ramparts   |     2 |     3 ||     5
 Stab: Sleeping          |     5 |     2 ||     7
Armor: Robe              |     9 |     6 ||    15
Dodge: Dodged            |    30 |    19 ||    49

Table legend: (Time is in decaauts)
 A = Elapsed time spent in this place.
 B = Non-inter-level travel time spent in this place.
 C = Inter-level travel time spent in this place.
 D = Time resting spent in this place.
 E = Time spent auto-exploring this place.
 F = Levels seen in this place.
 G = Mean time per level.
                   A        B        C        D        E       F      G
               +--------+--------+--------+--------+--------+-----+--------+
         Total |   2274 |   2248 |     26 |    572 |   1308 |   3 |  758.0 |
       Dungeon |   2274 |   2248 |     26 |    572 |   1308 |   3 |  758.0 |
               +--------+--------+--------+--------+--------+-----+--------+

Top non-repeatable levels by time:
     D:1: 1250 daAuts
     D:2: 812 daAuts
     D:3: 211 daAuts
